 Dungeon Crawl Stone Soup version 0.25-a0-589-g1e14c54 (webtiles) character file.

Game seed: 1366707642851420958, levelgen mode: deterministic

79985 BlueFish the Tortoise (level 15, -8/137 HPs)
             Began as a Minotaur Fighter on Mar 12, 2020.
             Was the Champion of Yredelemnul.
             Mangled by a spriggan rider
             ... wielding a +0 spear
              (14 damage)
             ... on level 2 of the Swamp.
             The game lasted 00:47:31 (24777 turns).

BlueFish the Tortoise (Minotaur Fighter)           Turns: 24777, Time: 00:47:32

Health: -8/137     AC: 27    Str: 22    XL:     15   Next: 22%
Magic:  23/23      EV:  9    Int:  5    God:    Yredelemnul [******]
Gold:   4106       SH:  7    Dex: 15    Spells: 14/14 levels left

rFire    . . .     SeeInvis +   E - +0 scimitar (flame)
rCold    . . .     Gourm    .   y - +0 buckler
rNeg     . . .     Faith    +   C - +2 plate armour {MR+}
rPois    .         Spirit   .   (helmet restricted)
rElec    .         Reflect  .   o - +1 cloak
rCorr    +         Harm     .   Y - +2 pair of gloves
MR       ++...                  I - +0 pair of boots
Stlth    ..........             n - amulet of faith
HPRegen  0.32/turn              k - ring of resist corrosion
MPRegen  0.18/turn              p - ring of see invisible

@: lethally poisoned (-8 -> -17), slowed, wreathed by umbra, very slow
A: retaliatory headbutt, horns 2
a: Recall Undead Slaves, Injury Mirror, Animate Dead, Drain Life, Enslave Soul,
Renounce Religion


You were on level 2 of the Swamp.
You worshipped Yredelemnul.
Yredelemnul was exalted by your worship.
You were not hungry.

You visited 5 branches of the dungeon, and saw 26 of its levels.
You also visited: Ossuary.

You collected 4391 gold pieces.
You spent 285 gold pieces at shops.

Inventory:

Hand Weapons
 a - a +0 long sword
 E - a +0 scimitar of flaming (weapon)
Armour
 c - +0 swamp dragon scales
 o - a +1 cloak (worn)
 y - a +0 buckler (worn)
 C - a +2 plate armour of magic resistance (worn)
 I - a +0 pair of boots (worn)
 X - a +2 kite shield of fire resistance
 Y - a +2 pair of gloves (worn)
Jewellery
 k - a ring of resist corrosion (left hand)
 n - an amulet of faith (around neck)
 p - a ring of see invisible (right hand)
 K - an uncursed ring of protection from fire
 U - an uncursed ring of positive energy
 V - an uncursed amulet of regeneration
 W - a +4 ring of evasion
Wands
 d - a wand of clouds (5)
 i - a wand of digging (12)
 u - a wand of polymorph (7)
 D - a wand of flame (77)
 F - a wand of enslavement (7)
 N - a wand of acid (12)
 S - a wand of iceblast (8)
 Z - a wand of disintegration (3)
Scrolls
 e - 10 scrolls of remove curse
 g - 3 scrolls of fear
 l - 11 scrolls of teleportation
 m - a scroll of noise
 q - 8 scrolls of blinking
 r - 3 scrolls of immolation
 s - 5 scrolls of amnesia
 v - 3 scrolls of enchant weapon
 G - 5 scrolls of enchant armour
 H - 3 scrolls of magic mapping
 L - 4 scrolls of identify
 O - 2 scrolls of holy word
 Q - 6 scrolls of fog
Potions
 h - 5 potions of lignification
 j - 3 potions of cancellation
 t - 8 potions of curing
 w - 3 potions of haste
 x - 2 potions of mutation
 z - 3 potions of berserk rage
 A - a potion of resistance
 B - 3 potions of might
 J - a potion of magic
 M - a potion of ambrosia
 P - 2 potions of flight
 R - a potion of brilliance
 T - 6 potions of heal wounds
Comestibles
 f - 28 rations


   Skills:
 * Level 13.9 Fighting
 * Level 15.4 Long Blades
 * Level 16.4 Armour
 + Level 2.6 Dodging
 * Level 11.4 Shields
 * Level 12.4 Invocations


You had 14 spell levels left.
You didn't know any spells.
Your spell library contained the following spells:

 Spells                   Type           Power        Failure   Level  Hunger
 Animate Skeleton         Necr           N/A          99%         1    ##.....
 Apportation              Tloc           #.....       99%         1    ##.....
 Beastly Appendage        Tmut           #.....       99%         1    ##.....
 Corona                   Hex            #......      99%         1    ##.....
 Magic Dart               Conj           #...         99%         1    ##.....
 Summon Butterflies       Summ           #.......     99%         1    ##.....
 Summon Small Mammal      Summ           #...         99%         1    ##.....
 Blink                    Tloc           N/A          100%        2    ###....
 Call Imp                 Summ           #.......     100%        2    ###....
 Slow                     Hex            #.......     100%        2    ###....
 Sticks to Snakes         Tmut           #.......     100%        2    ###....
 Sublimation of Blood     Necr           #.........   100%        2    ###....
 Conjure Flame            Conj/Fire      #.......     100%        3    ####...
 Ignite Poison            Fire/Tmut/Pois #.......     100%        3    ####...
 Lesser Beckoning         Tloc           #.........   100%        3    ####...
 Mephitic Cloud           Conj/Pois/Air  #.......     100%        3    ####...
 Spider Form              Tmut/Pois      #.........   100%        3    ####...
 Tukima's Dance           Hex            #.......     100%        3    ####...
 Ice Form                 Ice/Tmut       #.......     100%        4    #####..
 Petrify                  Tmut/Erth      #.......     100%        4    #####..
 Alistair's Intoxication  Tmut/Pois      #.......     100%        5    ######.
 Blade Hands              Tmut           #.........   100%        5    ######.
 Irradiate                Conj/Tmut      #.........   100%        5    ######.
 Eringya's Noxious Bog    Tmut/Pois      #.........   100%        6    #######
 Invisibility             Hex            #.......     100%        6    #######


Dungeon Overview and Level Annotations

Branches:
Dungeon (15/15)            Temple (1/1) D:5            Lair (6/6) D:11
  Swamp (2/4) Lair:3        Snake (0/4) Lair:4        Slime (0/5) Lair:6
    Orc (2/2) D:10            Elf (0/3) Orc:2        Vaults (0/5) D:14
 Depths (0/5) D:15        Ossuary (visited)

Altars:
Ashenzari
Cheibriados
Dithmenos
Elyvilon
Fedhas
Gozag
Hepliaklqana
Kikubaaqudgha
Makhleb
Nemelex Xobeh
Okawaru
Qazlal
Ru
Sif Muna
Trog
Uskayaw
Vehumet
Wu Jian
Xom
Yredelemnul
Zin
The Shining One
Jiyva

Shops:
D:5 *   Orc:1 !   Orc:2 :(:?

Annotations:
D:9 3 runed translucent doors, PotatoDream's ghost, novice MiBe; Smoke131's ghost, novice SpEn; bande's ghost, novice GrFi; ew1980's ghost, novice MiFi; flotson's ghost, novice OpAs
Lair:6 3 runed translucent doors, BlueFish's ghost, journeyman MiFi


Innate Abilities, Weirdness & Mutations

You reflexively headbutt those who attack you in melee.
You have a pair of horns on your head.


Message History

Your bone dragon tramples the spriggan rider!
The spriggan rider is shoved backwards!
The spriggan rider hits you with a +0 spear.
* * * LOW HITPOINT WARNING * * *
Your flayed ghost cries, "Suffer as I suffered!"
Terrible wounds open up all over the spriggan rider's body!
The spriggan rider hits your bone dragon with a +0 spear!!
The swamp worm fires a harpoon shot at you.
The harpoon shot hits you!
* * * LOW HITPOINT WARNING * * *
You are yanked forward by the harpoon shot.
Your bone dragon bites the spriggan rider!!
The spriggan rider dies!
Yredelemnul accepts your kill.
The hornet dies!
Yredelemnul accepts your kill.
You hear a splash. x2
The spriggan rider hits you from afar with a +0 spear!
You die...
Your body rises from the dead as a mindless zombie.

≈≈.≈≈≈≈≈..# . . ♣
..≈≈≈≈≈..# .. #####
♣♣♣.......# . ....#
≈♣♣...≈^≈..(# . ..÷.#..
..%........(# .#....#..
.≈≈≈^.§≈An.W####....#...
.≈≈§.≈≈≈VzWWzzz..?.....♣
≈.≈..≈D≈≈i♣♣..........♣
≈....)A@≈♣♣♣♣zZ≈.≈≈..♣♣♣
.♣♣...w≈♣♣ ♣♣Z♣........
♣§...≈♣ ♣♣♣..≈≈...§.
§.≈≈..♣♣≈ ♣.≈..≈≈≈....
≈.≈≈≈≈ ♣ ♣.≈♣...≈≈≈≈≈
♣♣...≈ ♣♣.§♣.≈§≈≈≈§ ♣♣..
♣≈≈≈..≈≈≈≈. ♣≈.
♣♣...§≈≈≈≈. ♣♣...§≈..§


You could see a spriggan rider, a swamp worm, a friendly bone dragon, 2 friendly
profane servitors, a friendly ghoul, a friendly vampire knight, 2 friendly
skeletal warriors, 2 friendly flayed ghosts and a friendly phantasmal warrior.

Vanquished Creatures
  Snorg (D:11)
  10 hydras
  Erica (D:9)
  2 centaur warriors (D:14)
  2 two-headed ogres (Orc:2)
  An alligator (Swamp:1)
  2 ogre magi (Orc:2)
  A fire crab (Lair:5)
  A sea snake (Lair:6)
  3 swamp dragons
  2 unseen horrors
  A wizard (D:14)
  Pikel (D:4)
  A necromancer (D:15)
  2 orc knights
  An ugly thing (D:13)
  An orc sorcerer (Orc:1)
  The ghost of flotson the Sneak, a novice OpAs of Dithmenos (D:6)
  2 cyclopes
  A manticore (D:6)
  2 naga magi (D:15)
  3 black mambas
  9 elephants
  5 spiny frogs
  Joseph (D:8)
  2 gargoyles
  Maggie (D:7)
  4 centaur skeletons
  6 komodo dragons
  4 rime drakes
  An efreet (D:13)
  A tengu conjurer (D:14)
  3 polar bears (Lair:6)
  4 trolls
  A hornet (shapeshifter) (D:13)
  3 slime creatures
  Prince Ribbit (D:7)
  Sigmund (D:3)
  A centaur simulacrum (D:12)
  A shadow (D:11)
  6 wyverns
  15 yaks
  A human (D:8)
  A basilisk (shapeshifter) (D:6)
  A hog (D:8)
  A naga (Lair:4)
  7 vampire mosquitoes
  Menkaure (D:5)
  2 swamp worms
  2 acid dragons
  9 water moccasins
  6 porcupines
  7 orc warriors
  3 eyes of draining
  An ice beast (D:13)
  7 sky beasts
  2 black bears
  2 phantoms
  18 ogres
  2 necrophages
  8 crocodiles
  2 centaurs
  3 big kobolds
  9 bullfrogs
  A wyvern zombie (D:7)
  2 water moccasin zombies (Ossuary)
  A hornet simulacrum (D:15)
  4 scorpions
  3 wights (D:6)
  2 centaur zombies
  3 crimson imps
  2 quasits
  5 jellies
  10 orc wizards
  9 orc priests
  Crazy Yiuf (D:7)
  2 hounds
  2 bullfrog skeletons (D:6)
  2 iguanas
  Terence (D:2)
  Ijyb (D:5)
  3 worker ants
  4 big kobold zombies (Ossuary)
  A hound skeleton (D:5)
  3 mummies
  Robin (D:2)
  11 gnolls
  13 adders
  2 shadow imps (D:14)
  An ooze (D:3)
  An adder skeleton (D:7)
  6 adder zombies (Ossuary)
  2 worms (D:2)
  5 dart slugs
  6 leopard geckos
  37 orcs
  7 bats
  5 giant cockroaches
  5 gnoll zombies (Ossuary)
  10 hobgoblins
  10 jackals
  21 kobolds
  6 quokkas
  4 ball pythons
  3 frilled lizards
  16 goblins
  7 hobgoblin zombies (Ossuary)
  5 kobold zombies (Ossuary)
  3 orc zombies (Ossuary)
  6 rats
  2 plants
464 creatures vanquished.

Vanquished Creatures (collateral kills)
  Frances (D:14)
  A thorn hunter (Swamp:1)
  2 ogre magi
  8 hydras
  A merfolk avatar (Lair:6)
  2 death knights (D:14)
  A shambling mangrove (Swamp:1)
  12 two-headed ogres
  7 alligators
  A tengu warrior (D:15)
  2 deep trolls (Orc:2)
  A swamp dragon (Swamp:1)
  An orc knight (Orc:1)
  A harpy (shapeshifter) (D:14)
  4 orc sorcerers
  A wolf spider (D:15)
  2 ugly things
  3 cyclopes
  An oklob plant (Lair:2)
  9 elephants
  2 manticores
  A black mamba (Lair:5)
  A centaur zombie (D:13)
  A naga mage (D:15)
  A gargoyle (D:15)
  10 spiny frogs
  A kobold demonologist (D:13)
  3 rime drakes
  A freezing wraith (D:14)
  A demonic crawler (Lair:6)
  7 trolls
  3 hornets
  A tengu conjurer (D:14)
  5 slime creatures
  7 tyrant leeches
  A polar bear (Lair:6)
  A blink frog (Lair:6)
  A harpy skeleton (D:15)
  A hornet (shapeshifter) (D:14)
  A bog body (Swamp:2)
  4 hippogriffs
  2 spriggans
  2 shadows
  3 wraiths
  2 hogs (D:8)
  2 hungry ghosts
  2 wyverns
  13 yaks
  A vampire mosquito (D:14)
  9 swamp worms
  An acid dragon (D:14)
  3 water moccasins
  3 swamp drakes
  An ice beast (D:8)
  A porcupine (Lair:1)
  A sky beast (D:6)
  9 orc warriors
  An ogre (shapeshifter) (D:14)
  11 ogres
  4 centaurs
  8 crocodiles
  10 big kobolds
  8 bullfrogs
  2 wyvern skeletons
  A scorpion (D:14)
  A wight (D:6)
  A howler monkey (D:12)
  An electric eel (Lair:3)
  2 crimson imps
  2 quasits
  A centaur skeleton (D:12)
  3 jellies
  2 bullfrog skeletons
  2 hounds
  4 orc priests
  An iguana (D:12)
  10 orc wizards
  2 worker ants
  3 adders
  A shadow imp (D:9)
  A leopard gecko (D:6)
  23 orcs
  A goblin (D:10)
  A hobgoblin (D:10)
  4 jackals (D:7)
  A quokka (D:12)
  8 kobolds
  10 bushes
  121 fungi
  106 plants
527 creatures vanquished.

Vanquished Creatures (others)
  A ghoul (Orc:2)
  A vampire knight (Orc:2)
  A flayed ghost (Swamp:2)
  2 phantasmal warriors
  6 flying skulls
  2 vampires
  2 wraiths
  A yak (D:13)
  A two-headed ogre zombie (Orc:2)
  2 spiny frog zombies
  A vampire mosquito zombie (Swamp:2)
  An ogre (Orc:2)
  A komodo dragon skeleton (Lair:6)
  A wyvern skeleton (Lair:6)
  2 wights
  A black bear zombie (D:11)
  A bullfrog skeleton (D:4)
  A crocodile skeleton (Lair:6)
  A mummy (Lair:2)
  An adder skeleton (D:6)
  An orc (Orc:2)
  A giant cockroach (D:4)
  A frilled lizard (D:4)
  A kobold skeleton (D:14)
  A leopard gecko skeleton (D:6)
  2 orc skeletons (D:6)
  3 orc zombies
  A quokka zombie (D:6)
  3 fungi
  2 plants (Lair:6)
46 creatures vanquished.

Grand Total: 1037 creatures vanquished

Notes
Turn   | Place    | Note
-------+----------+-------------------------------------------
     0 | D:1      | BlueFish the Minotaur Fighter began the quest for the Orb.
     0 | D:1      | Reached XP level 1. HP: 19/19 MP: 0/0
   159 | D:1      | Reached XP level 2. HP: 25/27 MP: 1/1
   306 | D:1      | Reached skill level 4 in Armour
   985 | D:2      | Reached XP level 3. HP: 27/33 MP: 2/2
  1397 | D:2      | Reached XP level 4. HP: 41/41 MP: 3/3
  1458 | D:2      | Noticed Robin
  1460 | D:2      | Found a basalt altar of Yredelemnul.
  1468 | D:2      | Killed Robin
  1485 | D:2      | Became a worshipper of Yredelemnul the Dark
  1565 | D:2      | Noticed Terence
  1576 | D:2      | Killed Terence
  1749 | D:2      | Found a shattered altar of Ashenzari.
  1980 | D:3      | Reached XP level 5. HP: 47/47 MP: 4/4
  2144 | D:3      | Reached * piety under Yredelemnul
  2234 | D:3      | Noticed a phantom
  2282 | D:3      | Killed a phantom
  2282 | D:3      | Reached skill level 5 in Fighting
  2282 | D:3      | Reached skill level 5 in Armour
  2282 | D:3      | Reached skill level 1 in Invocations
  2368 | D:3      | Found a glowing golden altar of the Shining One.
  2512 | D:3      | Reached XP level 6. HP: 56/56 MP: 4/6
  2595 | D:3      | Noticed Sigmund
  2630 | D:3      | Reached ** piety under Yredelemnul
  2631 | D:2      | Found a white marble altar of Elyvilon.
  2731 | D:3      | Killed Sigmund
  2731 | D:3      | Reached skill level 5 in Long Blades
  2890 | D:4      | Noticed a slave
  2890 | D:4      | Noticed a slave
  2893 | D:4      | Noticed Pikel
  2894 | D:4      | Noticed a slave
  2895 | D:4      | Noticed a slave
  3176 | D:4      | Killed Pikel
  3176 | D:4      | Reached skill level 6 in Armour
  3176 | D:4      | Reached skill level 1 in Dodging
  3176 | D:4      | Reached XP level 7. HP: 37/64 MP: 7/7
  3413 | D:4      | Reached XP level 8. HP: 60/71 MP: 8/8
  3530 | D:4      | Reached skill level 7 in Armour
  3759 | D:5      | Entered Level 5 of the Dungeon
  3764 | D:5      | Found a staircase to the Ecumenical Temple.
  3775 | Temple   | Entered the Ecumenical Temple
  3845 | D:5      | Found Qikkeope's Assorted Antiques.
  4026 | D:5      | Found a sand-covered staircase.
  4036 | Ossuary  | Entered an ossuary
  4110 | Ossuary  | Reached *** piety under Yredelemnul
  4169 | Ossuary  | Received a gift from Yredelemnul (a wight)
  4425 | D:5      | Noticed Menkaure
  4433 | D:5      | Killed Menkaure
  4711 | D:5      | Reached skill level 5 in Shields
  4741 | D:5      | Found an iron altar of Okawaru.
  4745 | D:5      | Noticed Ijyb
  4755 | D:5      | Killed Ijyb
  4989 | D:6      | Noticed a raiju
  4989 | D:6      | a yak changed into a raiju
  5000 | D:6      | a raiju changed into a basilisk
  5116 | D:6      | Noticed a manticore
  5128 | D:6      | HP: 2/73 [manticore (7)]
  5132 | D:6      | Killed a manticore
  5132 | D:6      | Reached skill level 8 in Armour
  5132 | D:6      | Reached XP level 9. HP: 17/79 MP: 10/10
  5389 | D:6      | Received a gift from Yredelemnul (a wight)
  5490 | D:6      | Received a gift from Yredelemnul (2 flying skulls)
  5694 | D:6      | Reached skill level 9 in Armour
  5738 | D:6      | Found a runed translucent gate.
  5738 | D:6      | Found a runed translucent gate.
  5738 | D:6      | Found a runed translucent gate.
  5739 | D:6      | Identified the +6 dagger "Xahogapi" {chaos, Str+3 Int+4
                  | Dex+4}
  5739 | D:6      | Noticed flotson's ghost (novice OpAs)
  6006 | D:6      | Reached **** piety under Yredelemnul
  6298 | D:6      | Reached skill level 10 in Long Blades
  6305 | D:6      | Killed flotson's ghost
  6504 | D:7      | Found a sparkling altar of Nemelex Xobeh.
  6504 | D:7      | Noticed Maggie
  6555 | D:7      | Noticed Prince Ribbit
  6563 | D:7      | Killed Prince Ribbit
  6563 | D:7      | Reached XP level 10. HP: 83/90 MP: 10/12
  6665 | D:7      | Received a gift from Yredelemnul (a mummy)
  6672 | D:7      | Killed Maggie
  6891 | D:7      | Received a gift from Yredelemnul (a wraith)
  7055 | D:7      | Received a gift from Yredelemnul (a wight)
  7500 | D:7      | Found a sacrificial altar of Ru.
  7684 | D:7      | Found a runed translucent door.
  7685 | D:7      | Noticed Crazy Yiuf
  7695 | D:7      | Killed Crazy Yiuf
  7742 | D:8      | Reached skill level 10 in Armour
  8228 | D:8      | Found a snail-covered altar of Cheibriados.
  8450 | D:8      | Reached skill level 5 in Invocations
  8452 | D:8      | Received a gift from Yredelemnul (a vampire)
  8580 | D:8      | Noticed Joseph
  8594 | D:8      | Killed Joseph
  8842 | D:9      | Noticed Erica
  8854 | D:9      | Killed Erica
  9058 | D:9      | Found a runed translucent gate.
  9058 | D:9      | Found a runed translucent gate.
  9058 | D:9      | Noticed flotson's ghost (novice OpAs)
  9058 | D:9      | Noticed Smoke131's ghost (novice SpEn)
  9058 | D:9      | Noticed PotatoDream's ghost (novice MiBe)
  9058 | D:9      | Noticed ew1980's ghost (novice MiFi)
  9059 | D:9      | Found a runed translucent gate.
  9059 | D:9      | Noticed bande's ghost (novice GrFi)
  9222 | D:10     | Entered Level 10 of the Dungeon
  9320 | D:10     | Received a gift from Yredelemnul (2 flying skulls)
  9320 | D:10     | Found a staircase to the Orcish Mines.
  9560 | D:10     | Reached ***** piety under Yredelemnul
  9799 | D:10     | Noticed a gargoyle
  9803 | D:10     | Killed a gargoyle
  9803 | D:10     | Reached skill level 11 in Armour
 10057 | D:11     | You fall into a shaft and drop 3 floors!
 10064 | D:14     | Noticed a centaur warrior
 10080 | D:14     | Killed a centaur warrior
 10080 | D:14     | Reached XP level 11. HP: 37/97 MP: 14/14
 10315 | D:14     | Noticed a harpy
 10315 | D:14     | a polar bear changed into a harpy
 10316 | D:14     | Killed a harpy
 10408 | D:14     | Noticed a two-headed ogre
 10410 | D:14     | Noticed a wizard
 10414 | D:14     | Killed a two-headed ogre
 10419 | D:14     | Killed a wizard
 10420 | D:14     | Found a gate to the Vaults.
 10425 | D:14     | Received a gift from Yredelemnul (a skeletal warrior)
 10472 | D:14     | Noticed a death knight
 10486 | D:14     | Received a gift from Yredelemnul (2 flying skulls)
 10490 | D:14     | Killed a death knight
 10992 | D:14     | Noticed a centaur warrior
 11004 | D:14     | Killed a centaur warrior
 11004 | D:14     | Reached skill level 10 in Fighting
 11012 | D:14     | Received a gift from Yredelemnul (a wraith)
 11407 | D:14     | Noticed Frances
 11410 | D:14     | Noticed a sun demon
 11423 | D:14     | Killed Frances
 11423 | D:14     | Reached skill level 12 in Armour
 11769 | D:14     | Noticed a death knight
 11778 | D:14     | Killed a death knight
 11891 | D:13     | Reached XP level 12. HP: 94/107 MP: 16/16
 12092 | D:12     | Received a gift from Yredelemnul (a phantasmal warrior)
 12193 | D:12     | Found a viscous altar of Jiyva.
 12193 | D:12     | Noticed a six-headed hydra
 12200 | D:12     | Killed a one-headed hydra
 12420 | D:11     | Received a gift from Yredelemnul (a skeletal warrior)
 12610 | D:11     | Noticed an eight-headed hydra
 12615 | D:11     | Killed a six-headed hydra
 12967 | D:11     | Found a staircase to the Lair.
 13005 | D:11     | Noticed Snorg
 13014 | D:11     | Killed Snorg
 13209 | Lair:1   | Entered Level 1 of the Lair of Beasts
 13248 | Lair:1   | Received a gift from Yredelemnul (a flayed ghost)
 13288 | Lair:1   | Got a faintly glowing leather armour
 14137 | Lair:2   | Noticed a five-headed hydra
 14143 | Lair:2   | Killed a three-headed hydra
 14143 | Lair:2   | Reached skill level 13 in Armour
 14191 | Lair:2   | Received a gift from Yredelemnul (a vampire knight)
 14522 | Lair:2   | Noticed a four-headed hydra
 14525 | Lair:2   | Killed a two-headed hydra
 15471 | Lair:3   | Found a staircase to the Swamp.
 15672 | Lair:4   | Received a gift from Yredelemnul (a ghoul)
 15676 | Lair:4   | Reached XP level 13. HP: 116/116 MP: 14/18
 15735 | Lair:4   | Found a staircase to the Snake Pit.
 16673 | Lair:5   | Reached skill level 14 in Armour
 17454 | Lair:6   | Entered Level 6 of the Lair of Beasts
 17544 | Lair:6   | Found a runed translucent gate.
 17544 | Lair:6   | Found a runed translucent gate.
 17544 | Lair:6   | Found a runed translucent gate.
 17547 | Lair:6   | Noticed a death ooze
 17549 | Lair:6   | Noticed BlueFish's ghost (journeyman MiFi)
 17551 | Lair:6   | Found a viscous altar of Jiyva.
 17577 | Lair:6   | Reached skill level 10 in Invocations
 17604 | Lair:6   | Received a gift from Yredelemnul (a vampire)
 17878 | Lair:6   | Received a gift from Yredelemnul (a vampire)
 18230 | Lair:6   | Received a gift from Yredelemnul (a phantasmal warrior)
 18723 | Lair:6   | Reached ****** piety under Yredelemnul
 18845 | Lair:6   | Identified a scroll of acquirement
 18846 | Lair:6   | Identified the ring "Aracext" {rElec rC- EV+1 Str+4} (You
                  | acquired it on level 6 of the Lair of Beasts)
 18933 | Lair:6   | Found a viscous altar of Jiyva.
 18934 | Lair:6   | Found a staircase to the Slime Pits.
 19361 | Orc:1    | Entered Level 1 of the Orcish Mines
 19399 | Orc:1    | Reached skill level 10 in Shields
 19401 | Orc:1    | Received a gift from Yredelemnul (a bone dragon)
 19401 | Orc:1    | Reached XP level 14. HP: 58/127 MP: 12/21
 19571 | Orc:1    | Found Ykhlit's Distillery.
 19757 | Orc:2    | Entered Level 2 of the Orcish Mines
 19804 | Orc:2    | Reached skill level 15 in Armour
 19894 | Orc:2    | Found Heodogit's Magic Scroll Boutique.
 19900 | Orc:2    | Received a gift from Yredelemnul (a flayed ghost)
 19906 | Orc:2    | Found Dotumesk's Weapon Boutique.
 19916 | Orc:2    | Received a gift from Yredelemnul (a ghoul)
 19930 | Orc:2    | Found Saimedgh's Book Emporium.
 20123 | Orc:2    | Found Egruwk's Book Shop.
 20138 | Orc:2    | Found a staircase to the Elven Halls.
 20374 | Orc:2    | Received a gift from Yredelemnul (a skeletal warrior)
 20759 | D:12     | Received a gift from Yredelemnul (a profane servitor)
 20926 | Orc:2    | Bought a scroll of identify for 22 gold pieces
 20926 | Orc:2    | Bought a scroll of identify for 22 gold pieces
 20926 | Orc:2    | Bought a scroll of enchant armour for 82 gold pieces
 20926 | Orc:2    | Bought a scroll of identify for 22 gold pieces
 20926 | Orc:2    | Bought a scroll of blinking for 82 gold pieces
 20926 | Orc:2    | Bought a scroll of fog for 22 gold pieces
 20926 | Orc:2    | Bought a scroll of teleportation for 33 gold pieces
 21167 | D:12     | Reached skill level 15 in Long Blades
 21436 | D:13     | Received a gift from Yredelemnul (a profane servitor)
 21506 | D:13     | Paralysed by a hornet for 3 turns
 21758 | D:13     | Received a gift from Yredelemnul (a flayed ghost)
 21932 | D:13     | Found a white marble altar of Elyvilon.
 21952 | D:13     | Received a gift from Yredelemnul (a skeletal warrior)
 22061 | D:15     | Entered Level 15 of the Dungeon
 22278 | D:15     | Found a blossoming altar of Fedhas.
 22477 | D:15     | Received a gift from Yredelemnul (a phantasmal warrior)
 22710 | D:15     | Found a staircase to the Depths.
 23247 | Swamp:1  | Entered Level 1 of the Swamp
 23247 | Swamp:1  | Noticed a thorn hunter
 23250 | Swamp:1  | Killed a thorn hunter
 23809 | Swamp:1  | Reached skill level 16 in Armour
 23867 | Swamp:1  | Reached XP level 15. HP: 132/137 MP: 23/23
 24594 | Swamp:2  | Received a gift from Yredelemnul (a skeletal warrior)
 24770 | Swamp:2  | Received a gift from Yredelemnul (a vampire knight)
 24777 | Swamp:2  | HP: 6/137 [swamp worm/harpoon shot (14)]
 24777 | Swamp:2  | Mangled by a spriggan rider

Levels and vault maps discovered:
D:1:      nicolae_arrival_washed_ashore, layout_basic
D:2:      layout_rooms, yredelemnul_altar_generic,
          nicolae_overflow_hidden_temple, uniq_terence, uniq_robin
D:3:      layout_basic, tso_oasis_becter, first_ration, nrook_uturn,
          uniq_sigmund
D:4:      layout_cave_pools, uniq_pikel
D:5:      layout_basic, okawaru_gym_becter, minmay_temple_entry_large_hall,
          nicolae_ossuary_entry_monument, serial_shops, shop_coins, uniq_ijyb,
          uniq_menkaure
D:6:      layout_loops_ring, gammafunk_ghost_nasty_kobolds, minmay_three_doors
D:7:      layout_layer_cave, nicolae_ru_path_of_blood,
          nemelex_xobeh_ov_fountains_minmay, uniq_prince_ribbit1,
          uniq_crazy_yiuf_cottage, uniq_maggie
D:8:      layout_cave_pods, slow_altar_2, grunt_livestock, uniq_joseph
D:9:      layout_roguey, gammafunk_ghost_cemetery, uniq_erica
D:10:     layout_basic, erik_orc_3, due_unseen_surprise
D:11:     layout_roguey, grunt_lair_entry_orc_guard_hut, uniq_snorg
D:12:     layout_roguey, jiyva_altar_1
D:13:     layout_loops_ring, elyvilon_altar_3
D:14:     layout_long_grid, david_vaults_1, chequers_serial_rivers_micro_b,
          uniq_frances
D:15:     grunt_enter_depths_magical_seal, layout_small_grid, nicolae_wwwww,
          fedhas_bush_and_centaur_altar
Temple:   nicolae_temple_great_sept
Lair:1:   layout_gridlike, beast_lair_carwin_11
Lair:2:   layout_loops_ring, grunt_megastairs_1, minmay_lair_oklob_chamber
Lair:3:   layout_misc_corridors, swamp_mist, serial_bayou_shore_a
Lair:4:   layout_misc_corridors, guppyfry_snake_entry_island
Lair:5:   layout_loops_ring, grunt_megastairs_3
Lair:6:   gammafunk_lair_ancient_temple, layout_layer_cave, slime_altar_1,
          gammafunk_ghost_ooze, st_stairs_6, worms_lemuel
Swamp:1:  layout_basic_swamp, nicolae_swamp_fairy_circle, swamp_pool2,
          nicolae_swamp_baby_hydras
Swamp:2:  layout_basic_swamp, serial_swamp_ruin, evilmike_swamp_ruin_house_6,
          evilmike_swamp_ruin_house_5
Orc:1:    layout_caves, serial_shops, shop
Orc:2:    st_orc_open, layout_caves, mines4_lemuel

Skill      XL: |  1  2  3  4  5  6  7  8  9 10 11 12 13 14 |
---------------+-------------------------------------------+-----
Armour         | 4 5 6 8 9 11 12 13 14 16 | 16.4
Fighting       | 4 5 6 7 8 9 10 11 12 13 | 13.9
Long Blades    | 3 4 6 9 10 11 13 14 15 | 15.4
Invocations    | 1 2 3 4 5 7 9 10 12 | 12.4
Dodging        | 1 2 |  2.6
Shields        | 4 5 6 7 8 9 10 11 | 11.4

Action                   |  1- 3 |  4- 6 |  7- 9 | 10-12 | 13-15 || total
-------------------------+-------+-------+-------+-------+-------++-------
Melee: Long sword        |    80 |   174 |   335 |   140 |       ||   729
       Headbutt          |     8 |    31 |    78 |   138 |   194 ||   449
       Scimitar          |       |       |       |   386 |   658 ||  1044
Invok: Animate Dead      |       |       |     7 |    56 |    57 ||   120
       Recall Undead Sla |       |       |     2 |    13 |    10 ||    25
       Drain Life        |       |       |       |     5 |     4 ||     9
  Use: Potion            |       |     1 |     3 |       |     1 ||     5
       Scroll            |       |       |    16 |    10 |     7 ||    33
 Stab: Distracted        |       |       |     1 |     8 |     7 ||    16
       Paralysed         |       |       |       |       |     2 ||     2
  Eat: Chunk             |     2 |     5 |     6 |    47 |    41 ||   101
       Ration            |       |       |     2 |     3 |     4 ||     9
Armor: Scale mail        |    45 |       |       |       |       ||    45
       Chain mail        |     4 |   161 |     8 |       |       ||   173
       Plate armour      |       |       |   202 |   246 |   378 ||   826
Dodge: Dodged            |    48 |   141 |   120 |   140 |   221 ||   670
Block: Buckler           |       |    10 |    75 |   128 |   194 ||   407
       Rpst.: Long sword |     6 |    34 |    31 |     8 |       ||    79
       Scimitar          |       |       |       |    18 |    55 ||    73

Table legend:
 A = Non-vault XP
 B = Vault XP
 C = Vault XP percentage of total XP
 D = Non-vault monster count
 E = Vault monster count
 F = Vault count percentage of total count
                 A         B        C        D         E       F
            +---------+---------+-------+---------+---------+-------
      Total |   74573 |   39692 |  34.7 |     553 |     199 |  26.5
            +---------+---------+-------+---------+---------+-------
        D:1 |      30 |       0 |   0.0 |      17 |       0 |   0.0
        D:2 |      94 |      70 |  42.7 |      21 |      12 |  36.4
        D:3 |     238 |     223 |  48.4 |      39 |       1 |   2.5
        D:4 |     177 |     651 |  78.6 |       7 |       1 |  12.5
        D:5 |     420 |     201 |  32.4 |      14 |       2 |  12.5
        D:6 |    1472 |    1597 |  52.0 |      32 |      12 |  27.3
        D:7 |     730 |     481 |  39.7 |      33 |       3 |   8.3
        D:8 |     522 |    1047 |  66.7 |      18 |       7 |  28.0
        D:9 |     294 |     768 |  72.3 |       6 |       1 |  14.3
       D:10 |     837 |     341 |  28.9 |      13 |      14 |  51.9
       D:11 |    4186 |    1757 |  29.6 |      23 |       6 |  20.7
       D:12 |    4338 |     376 |   8.0 |      30 |       4 |  11.8
       D:13 |    5877 |       0 |   0.0 |      35 |       0 |   0.0
       D:14 |    8091 |    3134 |  27.9 |      46 |       4 |   8.0
       D:15 |    2907 |    3723 |  56.2 |      12 |      10 |  45.5
     Lair:1 |    1175 |     147 |  11.1 |      11 |       2 |  15.4
     Lair:2 |    3943 |     450 |  10.2 |      12 |       2 |  14.3
     Lair:3 |    2036 |       0 |   0.0 |      11 |       0 |   0.0
     Lair:4 |    2562 |     171 |   6.3 |      16 |       1 |   5.9
     Lair:5 |    4609 |     836 |  15.4 |      13 |       4 |  23.5
     Lair:6 |    6568 |    8489 |  56.4 |      25 |      33 |  56.9
    Swamp:1 |   10490 |    3138 |  23.0 |      34 |       4 |  10.5
    Swamp:2 |    5402 |     745 |  12.1 |      21 |       1 |   4.5
      Orc:1 |    5296 |       0 |   0.0 |      35 |       0 |   0.0
      Orc:2 |    2279 |   11011 |  82.9 |      29 |      41 |  58.6
    Ossuary |       0 |     336 | 100.0 |       0 |      34 | 100.0
            +---------+---------+-------+---------+---------+-------
